 Dungeon Crawl Stone Soup version 0.27-a0-1118-ga84896973d (webtiles) character file.

Game seed: 2675584916173993387

135680 Lakar the Geomancer (level 17, -4/104 HPs)
             Began as a Gargoyle Earth Elementalist on May 1, 2021.
             Was the Champion of Vehumet.
             Killed from afar by Jorgrun (59 damage)
             ... with an iron shot
             ... on level 2 of the Spider Nest on May 2, 2021.
             The game lasted 01:18:48 (28455 turns).

Lakar the Geomancer (Gargoyle Earth Elementalist)  Turns: 28455, Time: 01:18:48

Health: -4/104     AC: 36    Str: 20    XL:     17   Next: 20%
Magic:  7/28       EV: 15    Int: 23    God:    Vehumet [******]
Gold:   997        SH:  0    Dex: 10    Spells: 7/37 levels left

rFire    . . .     SeeInvis .   G - +8 flail "Otwypy" {vorpal, rC- Will+ Str+6}
rCold    . . .     Faith    .   (no shield)
rNeg     + . .     Spirit   .   v - +2 robe {Archmagi}
rPois    ∞         Reflect  .   p - +2 hat of Egalitarianism {Str+2}
rElec    +         Harm     .   P - +3 cloak of an ice cave {Regen+}
rCorr    .         Rampage  .   h - +2 pair of gloves
Will     ++...     Clarity  +   c - +2 pair of boots
Stlth    ++........             D - amulet of magic regeneration
HPRegen  1.27/turn              l - ring of protection from cold
MPRegen  0.46/turn              O - +4 ring of protection

@: flying
A: AC +12, big wings, negative energy resistance 1, electricity resistance,
torment resistance 1, unbreathing 1, petrification resistance, iridescent scales
1, clarity, low mp 1, no potion heal 1
a: Renounce Religion


You were on level 2 of the Spider Nest.
You worshipped Vehumet.
Vehumet was exalted by your worship.
You visited 5 branches of the dungeon, and saw 26 of its levels.
You also visited: Sewer and Ice Cave.

You collected 2808 gold pieces.
You spent 1811 gold pieces at shops.

Inventory:

Hand Weapons
 G - the +8 flail "Otwypy" (weapon) {vorpal, rC- Will+ Str+6}
   (You found it on level 10 of the Dungeon)

   It inflicts extra damage upon your enemies.
   It affects your strength (+6).
   It makes you vulnerable to cold.
   It increases your willpower.
 X - a +3 morningstar
Missiles
 b - 279 stones
 S - 2 throwing nets
Armour
 c - a +2 pair of boots (worn)
 d - a +2 robe of fire resistance
 h - a +2 pair of gloves (worn)
 p - the +2 hat of Egalitarianism (worn) {Str+2}
   (You bought it in a shop on level 5 of the Dungeon)

   It affects your strength (+2).
 v - a +2 robe of the Archmagi (worn)
 P - the +3 cloak of an ice cave (worn) {Regen+}
   (You found it on level 11 of the Dungeon)

   It increases your rate of health regeneration.
Magical Staves
 W - a staff of fire
Jewellery
 a - a ring of see invisible
 k - a ring of protection from fire
 l - a ring of protection from cold (left hand)
 D - an amulet of magic regeneration (around neck)
 O - a +4 ring of protection (right hand)
Wands
 j - a wand of flame (117)
 n - a wand of acid (2)
 s - a wand of mindburst (27)
 x - a wand of iceblast (40)
 z - a wand of paralysis (13)
 F - a wand of digging (10)
 K - a wand of polymorph (8)
Scrolls
 e - 2 scrolls of magic mapping
 g - 9 scrolls of teleportation
 r - 3 scrolls of blinking
 y - 15 scrolls of identify
 A - 4 scrolls of amnesia
 B - a scroll of immolation
 E - 4 scrolls of summoning
 M - 2 scrolls of enchant weapon
 U - 3 scrolls of fog
 V - 4 scrolls of fear
Potions
 f - a potion of lignification
 i - 10 potions of curing
 m - 6 potions of ambrosia
 o - 4 potions of berserk rage
 q - 4 potions of invisibility
 t - 6 potions of heal wounds
 u - 2 potions of magic
 w - a potion of resistance
 L - a potion of might
 Y - a potion of haste
 Z - 4 potions of brilliance
Miscellaneous
 J - a condenser vane (inert)
 Q - a box of beasts (inert)
 R - a phantom mirror
 T - a lightning rod (2/4)


   Skills:
 + Level 11.4 Fighting
 + Level 10.4 Maces & Flails
 - Level 6.0 Armour
 + Level 9.1 Dodging
 - Level 2.1 Stealth
 + Level 10.8 Spellcasting
 + Level 12.1 Conjurations
 - Level 0.7 Transmutations
 * Level 10.6 Fire Magic
 + Level 13.9 Earth Magic
 + Level 9.5 Evocations


You had 7 spell levels left.
You knew the following spells:

 Your Spells              Type           Power      Damage    Failure   Level
a - Sandblast             Erth           100%       2d20      0%          1
b - Stone Arrow           Conj/Erth      100%       3d13      1%          3
c - Lee's Rapid Deconstr  Erth           43%        3d22*     1%          5
d - Iron Shot             Conj/Erth      41%        9d8       1%          6
e - Bolt of Magma         Conj/Fire/Erth 40%        4d17      1%          5
f - Irradiate             Conj/Tmut      29%        3d23      3%          5
g - Fireball              Conj/Fire      38%        3d16      1%          5

Your spell library contained the following spells:

 Spells                   Type           Power      Damage    Failure   Level
 Lehudib's Crystal Spear  Conj/Erth      41%        10d10     36%         8
 Freeze                   Ice            72%        1d9       1%          1
 Shock                    Conj/Air       100%       1d9       1%          1
 Passwall                 Tmut/Erth      51%        N/A       1%          2
 Static Discharge         Conj/Air       57%        N/A       1%          2
 Dazzling Flash           Conj/Hex       100%       N/A       1%          3
 Hailstorm                Conj/Ice       57%        3d12      1%          4
 Iskenderun's Battlesphe  Conj           80%        2d13      1%          5
 Petrify                  Tmut/Erth      62%        N/A       2%          4
 Beastly Appendage        Tmut           46%        N/A       3%          1
 Animate Armour           Summ/Erth      100%       N/A       3%          4
 Lightning Bolt           Conj/Air       28%        1d45      3%          5
 Frozen Ramparts          Ice            36%        1d5       4%          3
 Animate Skeleton         Necr           36%        N/A       5%          1
 Corona                   Hex            20%        N/A       5%          1
 Pain                     Necr           72%        1d7       5%          1
 Wereblood                Tmut           23%        N/A       6%          2
 Corpse Rot               Necr/Air       N/A        N/A       8%          2
 Ensorcelled Hibernation  Hex/Ice        36%        N/A       8%          2
 Borgnjor's Vile Clutch   Necr/Erth      30%        N/A       9%          5
 Orb of Destruction       Conj           40%        9d14      9%          7
 Airstrike                Air            9%         N/A       13%         4
 Olgreb's Toxic Radiance  Pois           18%        N/A       13%         4
 Spider Form              Tmut/Pois      10%        N/A       14%         3
 Confusing Touch          Hex            18%        N/A       16%         3
 Gell's Gravitas          Tloc           9%         N/A       16%         3
 Ozocubu's Armour         Ice            18%        N/A       16%         3
 Swiftness                Air            18%        N/A       16%         3
 Tukima's Dance           Hex            18%        N/A       16%         3
 Vampiric Draining        Necr           9%         2d7       16%         3
 Conjure Ball Lightning   Conj/Air       28%        3x3d8     17%         6
 Yara's Violent Unravell  Hex/Tmut       10%        3d6       30%         5
 Freezing Cloud           Conj/Ice/Air   23%        6-21      36%         6
 Ice Form                 Ice/Tmut       21%        N/A       41%         4
 Animate Dead             Necr           9%         N/A       45%         4
 Summon Lightning Spire   Summ/Air       18%        N/A       45%         4
 Spellforged Servitor     Conj/Summ      28%        N/A       63%         7
 Hydra Form               Tmut           11%        N/A       71%         5
 Agony                    Necr           18%        N/A       82%         5
 Metabolic Englaciation   Hex/Ice        9%         N/A       82%         5
 Silence                  Hex/Air        9%         N/A       82%         5
 Summon Forest            Summ/Tloc      9%         N/A       82%         5
 Eringya's Noxious Bog    Tmut/Pois      10%        N/A       83%         6
 Blade Hands              Tmut           11%        N/A       99%         6
 Shadow Creatures         Summ           N/A        N/A       100%        6
 Dragon Form              Tmut           11%        N/A       100%        7
 Summon Hydra             Summ           9%         N/A       100%        7
 Tornado                  Air            9%         N/A       100%        9
 Statue Form              Tmut/Erth      Unusable   N/A       N/A         6

Dungeon Overview and Level Annotations

Branches:
Dungeon (15/15)            Temple (1/1) D:5            Lair (6/6) D:11
  Swamp (0/4) Lair:3       Spider (2/4) Lair:3        Slime (0/5) Lair:5
    Orc (2/2) D:11            Elf (0/3) Orc:2        Vaults (0/5) D:13
 Depths (0/5) D:15          Sewer (visited)           IceCv (visited)

Altars:
Ashenzari
Cheibriados
Dithmenos
Elyvilon
Fedhas
Gozag
Hepliaklqana
Kikubaaqudgha
Makhleb
Nemelex Xobeh
Okawaru
Qazlal
Ru
Sif Muna
Trog
Uskayaw
Vehumet
Wu Jian
Xom
Yredelemnul
Zin
The Shining One
Beogh

Shops:
D:5 [?=!*   D:7 [(*=   Orc:2 [*:[(

Portals:
Trove: D:10 (give +2 ice dragon scales)

Annotations:
D:5 3 runed translucent doors, feta's ghost, novice DjEE
D:7 2 transporters, RamboRex's ghost, novice OgVM
Spider:2 Jorgrun
Orc:1 3 runed translucent doors, nht's ghost, journeyman PaBe


Innate Abilities, Weirdness & Mutations

Your stone body is resilient. (AC +12)
You are immune to poison.
Your large and strong wings let you fly.
You resist negative energy. (rN+)
You are resistant to electric shocks. (rElec)
You are resistant to unholy torment.
You can survive without breathing.
You are immune to petrification.
You are partially covered in iridescent scales. (AC +2)
You possess an exceptional clarity of mind.
Your magical capacity is low. (-10% MP)
Potions are less effective at restoring your health.


Message History

You open the lid... ...and a juvenile batsting beast flies out!
The box is emptied!
A jumping spider comes into view.
Jorgrun hits you but does no damage. What are your orders? t - Shout!
Orders for allies: a - Attack new target. p - Attack previous target. r - Retreat! s - Stop attacking. g - Guard the area. f - Follow me.
Anything else - Cancel.
Gang up on whom?
Press: ? - help, Dir - move target, f/p - Jorgrun
Aim: Jorgrun, wielding a staff of earth and wearing a +0 robe (heavily wounded, ally target) Attack!
An orb spider comes into view.
The jumping spider leaps!
Jorgrun mutters some incantations to himself.
Jorgrun hits you but does no damage.
Aiming: Thunderbolt
Press: ? - help, Shift-Dir - straight line, f/p - Jorgrun
Aim: Jorgrun, wielding a staff of earth and wearing a +0 robe (heavily wounded, ally target)
The thunderbolt hits Jorgrun.
Jorgrun is severely wounded.
The jumping spider leaps!
Your juvenile batsting beast hits Jorgrun.
Your juvenile batsting beast closely misses Jorgrun.
A demonic crawler comes into view.
Jorgrun hits your juvenile batsting beast but does no damage.
Aiming: Thunderbolt
Press: ? - help, Shift-Dir - straight line, f/p - Jorgrun
Aim: Jorgrun, wielding a staff of earth and wearing a +0 robe (severely wounded, ally target)
The thunderbolt hits Jorgrun!!
Jorgrun is almost dead.
Your juvenile batsting beast hits Jorgrun!
Your juvenile batsting beast barely misses Jorgrun.
Jorgrun points at you and mumbles some strange words.
The iron shot hits you!!!
Ouch! That really hurt!
You die...

.............#.
........>.......
................
.....ss^.......)
.○......#.......
....#...........
.°.....†.#......
#...†@....s<.#
....?..Hg.......
.....##...#.....
.... ...†....#^
... ..$...^[...
.. .......#^..#
^ ........#....
......#.## ..


You could see Jorgrun (ally target), a demonic crawler, an orb spider, a jumping
spider and a friendly juvenile batsting beast (summoned).

Vanquished Creatures
  Kirke (Lair:6)
  An orc warlord (Orc:2)
  2 emperor scorpions
  An ironbound preserver (D:13)
  An emperor scorpion (shapeshifter) (D:14)
  The ghost of nyvra the Cleaver, a journeyman PaFi of Okawaru (Lair:4)
  A spark wasp (Spider:2)
  A great orb of eyes (D:15)
  Erolcha (D:9)
  Fannar (D:10)
  An ogre mage (D:13)
  14 hydras
  4 boulder beetles
  9 centaur warriors
  2 death knights
  5 death yaks (Lair:5)
  8 two-headed ogres
  3 orc high priests (Orc:2)
  A shock serpent (shapeshifter) (D:15)
  Urug (Lair:6)
  15 spriggans (Lair:6)
  A skeletal warrior (D:13)
  The ghost of onwiheg the Destroyer, a novice DgCj (D:9)
  A necromancer (IceCv)
  2 oklob plants (Lair:5)
  4 orb spiders
  5 orc knights
  5 orc sorcerers (Orc:2)
  3 manticores
  7 ugly things
  4 cyclopes
  10 black mambas
  4 wolf spiders (Spider:1)
  4 ice statues
  10 elephants (Lair:6)
  Maurice (D:10)
  A black mamba (shapeshifter) (D:13)
  An eye of devastation (shapeshifter) (D:11)
  3 gargoyles
  2 torpor snails
  16 cane toads
  2 kobold demonologists
  2 rime drakes (Orc:1)
  9 ice devils (IceCv)
  16 komodo dragons
  An efreet (D:8)
  3 freezing wraiths
  5 demonic crawlers
  A queen bee (D:9)
  6 polar bears
  5 jumping spiders (Spider:1)
  A tyrant leech (Lair:3)
  8 hornets
  12 trolls
  10 slime creatures
  16 blink frogs
  A meliai zombie (D:11)
  5 dream sheep
  10 redbacks
  9 tarantellas
  2 shadows
  97 yaks
  2 vampires
  Sigmund (D:5)
  3 wraiths
  7 basilisks
  3 wyverns
  4 hogs (Lair:6)
  Grum (D:10)
  Menkaure (D:5)
  11 vampire mosquitoes
  3 wargs
  18 water moccasins
  2 swamp worms (Lair:3)
  An acid dragon (D:11)
  Purgy (Sewer)
  3 black bears
  33 orc warriors
  6 ogres
  An ice beast (D:5)
  3 sky beasts
  7 boggarts
  21 centaurs
  31 wolves
  A phantom (D:7)
  17 bullfrogs
  4 gnoll sergeants
  A scorpion (Lair:3)
  A water moccasin zombie (D:5)
  17 killer bees
  5 wights (D:10)
  3 electric eels
  4 centaur zombies
  2 draconian simulacra (IceCv)
  A bullfrog skeleton (D:5)
  A gnoll shaman (D:4)
  An iron imp (D:6)
  4 jellies
  2 hounds
  13 orc priests
  A centaur skeleton (D:5)
  Jessica (D:2)
  3 iguanas (D:6)
  Ijyb (D:3)
  Natasha (thrice) (D:2)
  9 hell rats (Lair:1)
  24 orc wizards
  6 troll simulacra (IceCv)
  A killer bee zombie (D:7)
  2 centaur simulacra (IceCv)
  2 howler monkey zombies
  22 gnolls
  11 river rats (Lair:1)
  7 adders
  A shadow imp (D:9)
  A white imp (D:5)
  An ufetubus (D:6)
  An adder skeleton (D:4)
  3 worms
  A dart slug (D:5)
  75 orcs
  8 ball pythons
  6 bats
  7 endoplasms
  8 giant cockroaches
  9 goblins
  5 hobgoblins
  9 jackals
  17 quokkas
  4 frilled lizards (D:1)
  9 kobolds
  9 rats
887 creatures vanquished.

Vanquished Creatures (collateral kills)
  A wraith (D:14)
  An orc wizard (Orc:2)
2 creatures vanquished.

Vanquished Creatures (others)
  A human (Lair:6)
  A steam dragon (D:8)
  A warg (shapeshifter) (D:8)
  An orc warrior (Orc:2)
  A howler monkey (D:8)
  A centaur zombie (D:5)
  A centaur skeleton (D:5)
  38 fungi
  30 plants
75 creatures vanquished.

Grand Total: 964 creatures vanquished

Notes
Turn   | Place    | Note
-------+----------+-------------------------------------------
     0 | D:1      | Lakar the Gargoyle Earth Elementalist began the quest for
                  | the Orb.
     0 | D:1      | Reached XP level 1. HP: 10/10 MP: 3/3
    82 | D:1      | Reached XP level 2. HP: 3/15 MP: 1/5
   331 | D:1      | Reached skill level 4 in Earth Magic
   392 | D:1      | Found a faded altar of an unknown god.
   420 | D:1      | Reached XP level 3. HP: 13/19 MP: 0/6
   910 | D:1      | Learned a level 3 spell: Stone Arrow
  1532 | D:2      | Noticed Natasha
  1539 | D:2      | Killed Natasha
  1540 | D:2      | Reached skill level 1 in Conjurations
  1540 | D:2      | Reached XP level 4. HP: 22/24 MP: 2/8
  1555 | D:2      | Noticed Natasha
  1617 | D:2      | Killed Natasha
  1618 | D:2      | Reached skill level 5 in Earth Magic
  1795 | D:2      | Noticed Jessica
  1801 | D:2      | Noticed Natasha
  1802 | D:2      | Killed Jessica
  1803 | D:2      | Reached XP level 5. HP: 18/28 MP: 6/10
  1826 | D:2      | Killed Natasha
  2004 | D:2      | Learned a level 5 spell: Lee's Rapid Deconstruction
  2650 | D:3      | Found a glowing silver altar of Zin.
  3145 | D:3      | Noticed Ijyb
  3155 | D:3      | Killed Ijyb
  3156 | D:3      | Reached XP level 6. HP: 24/32 MP: 2/11
  3918 | D:4      | Found a hide-covered altar of Uskayaw.
  4151 | D:4      | Reached skill level 6 in Earth Magic
  4515 | D:4      | Reached XP level 7. HP: 36/36 MP: 7/13
  4656 | D:5      | Entered Level 5 of the Dungeon
  4678 | D:5      | Found Plog's Jewellery Emporium.
  4978 | D:5      | Found a glowing drain.
  4989 | D:5      | Noticed Menkaure
  5004 | D:5      | Killed Menkaure
  5005 | D:5      | Reached skill level 7 in Earth Magic
  5023 | Sewer    | Entered a sewer
  5071 | Sewer    | Reached skill level 5 in Spellcasting
  5198 | Sewer    | Noticed Purgy
  5209 | Sewer    | Killed Purgy
  5210 | Sewer    | Reached skill level 5 in Conjurations
  5210 | Sewer    | Reached XP level 8. HP: 35/41 MP: 4/15
  5364 | D:5      | Found Kuudum's Magic Scroll Emporium.
  5367 | D:5      | Found Buphaetz's Distillery.
  5402 | D:5      | Bought 2 potions of heal wounds for 140 gold pieces
  5402 | D:5      | Bought a potion of magic for 112 gold pieces
  5476 | D:5      | Noticed Sigmund
  5493 | D:5      | Killed Sigmund
  5514 | D:5      | Found a basalt altar of Yredelemnul.
  5514 | D:5      | Found a bloodstained altar of Trog.
  5541 | D:5      | Reached skill level 1 in Evocations
  5655 | D:5      | Found Zotuh's Antique Armour Shop.
  5671 | D:5      | Reached skill level 1 in Fighting
  5671 | D:5      | Reached skill level 1 in Armour
  5830 | D:5      | Found a staircase to the Ecumenical Temple.
  5847 | Temple   | Entered the Ecumenical Temple
  6063 | Temple   | Became a worshipper of Vehumet
  6292 | D:5      | Found Esezenk's General Store.
  6347 | D:5      | Found a runed translucent gate.
  6347 | D:5      | Found a runed translucent gate.
  6347 | D:5      | Found a runed translucent gate.
  6349 | D:5      | Found an opulent altar of Gozag.
  6353 | D:5      | Noticed an efreet
  6354 | D:5      | Noticed feta's ghost (novice DjEE)
  6643 | D:6      | Found a shimmering altar of Xom.
  6653 | D:6      | Reached skill level 1 in Maces & Flails
  6752 | D:6      | Found a snail-covered altar of Cheibriados.
  6852 | D:6      | Noticed a two-headed ogre
  6867 | D:6      | Killed a two-headed ogre
  6868 | D:6      | Reached skill level 8 in Earth Magic
  6868 | D:6      | Reached XP level 9. HP: 49/49 MP: 15/17
  7885 | D:5      | Bought a scroll of identify for 22 gold pieces
  7910 | D:5      | Bought a scroll of magic mapping for 49 gold pieces
  7910 | D:5      | Bought a scroll of identify for 28 gold pieces
  7911 | D:5      | Gained mutation: You are partially covered in iridescent
                  | scales. (AC +2) [potion of mutation]
  7911 | D:5      | Gained mutation: Potions are less effective at restoring
                  | your health. [potion of mutation]
  7911 | D:5      | Gained mutation: You possess an exceptional clarity of
                  | mind. [potion of mutation]
  7996 | D:7      | Found a broken altar of Ashenzari.
  8038 | D:7      | Found Voecweinn's Antique Weapon Emporium.
  8140 | D:7      | Found a transporter.
  8140 | D:7      | Noticed RamboRex's ghost (novice OgVM)
  8142 | D:7      | Noticed an orc knight
  8300 | D:7      | Found Zumu's Armour Shop.
  8384 | D:7      | Reached * piety under Vehumet
  8384 | D:7      | Offered knowledge of Foxfire by Vehumet.
  8386 | D:7      | Identified the +1 ring mail of Delightful Fun {rF+ Regen+
                  | rCorr}
  8620 | D:7      | Found a transporter.
  8702 | D:7      | Found an ancient bone altar of Kikubaaqudgha.
  8853 | D:7      | Found Riasef's Jewellery Shop.
  8858 | D:7      | Found Vikubafa's General Store.
  8870 | D:7      | Bought a scroll of identify for 30 gold pieces
  9181 | D:8      | Reached XP level 10. HP: 56/56 MP: 3/19
  9433 | D:8      | You fall into a shaft and drop 3 floors!
  9433 | D:11     | Found a staircase to the Lair.
  9433 | D:11     | Noticed a two-headed ogre
  9439 | D:11     | Killed a two-headed ogre
  9451 | D:10     | Entered Level 10 of the Dungeon
  9451 | D:10     | Noticed Grum
  9459 | D:10     | Reached skill level 9 in Earth Magic
  9459 | D:10     | Killed Grum
  9580 | D:10     | Found a sacrificial altar of Ru.
  9751 | D:8      | Found a burning altar of Makhleb.
  9822 | D:8      | Found a shimmering blue altar of Sif Muna.
  9981 | D:8      | Found a sparkling altar of Nemelex Xobeh.
 10182 | D:8      | Reached ** piety under Vehumet
 10183 | D:8      | Noticed a black mamba
 10184 | D:8      | Offered knowledge of Poisonous Vapours by Vehumet.
 10184 | D:8      | a black mamba changed into a jumping spider
 10185 | D:8      | Noticed a manticore
 10188 | D:8      | Noticed a centaur warrior
 10194 | D:8      | Killed a manticore
 10195 | D:8      | Reached skill level 5 in Fighting
 10195 | D:8      | Reached skill level 5 in Armour
 10212 | D:8      | Killed a centaur warrior
 10213 | D:8      | Reached XP level 11. HP: 32/63 MP: 15/21
 10419 | D:8      | Identified the +0 robe of Words of Power {-Cast +Inv
                  | Will+++ rCorr}
 10605 | D:9      | Noticed onwiheg's ghost (novice DgCj)
 10606 | D:9      | Found a transporter.
 10611 | D:9      | Found a transporter.
 10642 | D:9      | Noticed a two-headed ogre
 10647 | D:9      | Killed a two-headed ogre
 10648 | D:9      | Reached skill level 5 in Maces & Flails
 10979 | D:9      | Found a shadowy altar of Dithmenos.
 11071 | D:9      | Noticed Erolcha
 11074 | D:9      | Killed Erolcha
 11079 | D:9      | Noticed a two-headed ogre
 11091 | D:9      | Killed a two-headed ogre
 11202 | D:9      | You fall into a shaft and drop 1 floor!
 11210 | D:10     | Identified the +8 flail "Otwypy" {vorpal, rC- Will+ Str+6}
 11268 | D:10     | Noticed Maurice
 11276 | D:10     | Killed Maurice
 11346 | D:10     | Noticed Fannar
 11354 | D:10     | Killed Fannar
 11624 | D:9      | Offered knowledge of Searing Ray by Vehumet.
 11809 | D:9      | Reached skill level 10 in Earth Magic
 11814 | D:9      | Reached skill level 5 in Evocations
 11840 | D:9      | Reached skill level 5 in Dodging
 11847 | D:9      | Killed onwiheg's ghost
 11984 | D:10     | Reached *** piety under Vehumet
 12275 | D:10     | Found a portal to a secret trove of treasure.
 12579 | D:10     | Noticed a two-headed ogre
 12586 | D:10     | Reached XP level 12. HP: 64/71 MP: 17/23
 12587 | D:10     | Killed a two-headed ogre
 13262 | D:7      | Bought a transparent flail for 238 gold pieces
 13262 | D:7      | Identified the +0 flail of Termination {vorpal, Will+
                  | Dex+2} (You bought it in a shop on level 7 of the Dungeon)
 13439 | D:11     | Found a staircase to the Orcish Mines.
 13449 | D:11     | Offered knowledge of Olgreb's Toxic Radiance by Vehumet.
 13510 | D:11     | Noticed a seven-headed hydra
 13512 | D:11     | Killed a seven-headed hydra
 13517 | D:11     | Noticed a two-headed ogre
 13519 | D:11     | Killed a two-headed ogre
 13790 | D:11     | Identified the +3 cloak of an ice cave {Regen+}
 13809 | D:11     | Noticed a seven-headed hydra
 13814 | D:11     | Killed a seven-headed hydra
 13897 | D:11     | Identified the +0 robe of the Barracuda {Will+ Int+4}
 13897 | D:11     | Noticed a centaur warrior
 13914 | D:11     | Killed a centaur warrior
 13954 | D:11     | Reached **** piety under Vehumet
 13963 | D:11     | Reached skill level 11 in Earth Magic
 14131 | D:11     | Found a faded altar of an unknown god.
 14155 | D:11     | Found a faded altar of an unknown god.
 14155 | D:11     | Found a hazy altar of Hepliaklqana.
 14172 | D:11     | You fall into a shaft and drop 3 floors!
 14284 | D:14     | Noticed a tengu warrior
 14284 | D:14     | Noticed a tengu warrior
 14284 | D:14     | Noticed a death knight
 14284 | D:14     | Noticed a centaur warrior
 14286 | D:14     | Noticed a centaur warrior
 14431 | D:14     | Noticed a centaur warrior
 14436 | D:13     | Noticed a death knight
 14436 | D:13     | Noticed a centaur warrior
 14438 | D:13     | Offered knowledge of Fireball by Vehumet.
 14791 | D:11     | Reached XP level 13. HP: 50/78 MP: 16/25
 15067 | D:12     | Learned a level 5 spell: Fireball
 15207 | D:12     | Reached skill level 1 in Fire Magic
 15454 | D:12     | You fall into a shaft and drop 3 floors!
 15454 | D:15     | Entered Level 15 of the Dungeon
 16535 | D:13     | Reached ***** piety under Vehumet
 16535 | D:13     | Offered knowledge of Bolt of Magma by Vehumet.
 16542 | D:13     | Learned a level 5 spell: Bolt of Magma
 16654 | D:13     | Found a gate to the Vaults.
 16654 | D:13     | Noticed an ironbound preserver
 16673 | D:13     | Killed an ironbound preserver
 16916 | D:13     | Reached skill level 10 in Conjurations
 17019 | D:14     | Found a radiant altar of Vehumet.
 17055 | D:14     | Gained mutation: Your large and strong wings let you fly.
                  | [Gargoyle growth]
 17055 | D:14     | Reached XP level 14. HP: 84/84 MP: 27/27
 17119 | D:14     | Noticed an emperor scorpion
 17129 | D:14     | Killed an emperor scorpion
 17154 | D:14     | Reached skill level 5 in Fire Magic
 17475 | D:14     | Reached skill level 12 in Earth Magic
 17635 | Lair:1   | Entered Level 1 of the Lair of Beasts
 17693 | Lair:1   | Identified the +6 spear of the Hundredfold Lies {freeze,
                  | rF- Int+9 Dex+4}
 18832 | Lair:2   | Learned a level 5 spell: Irradiate
 18930 | Lair:2   | Offered knowledge of Iskenderun's Battlesphere by Vehumet.
 19980 | Lair:3   | Found a hole to the Spider Nest.
 20110 | Lair:3   | Found a staircase to the Swamp.
 20201 | Lair:3   | Identified the +0 pair of boots of Hiredyve {rF- Regen+
                  | Int-3 SInv}
 20688 | Lair:4   | Reached XP level 15. HP: 76/92 MP: 28/28
 20739 | Lair:4   | Found a runed translucent door.
 20740 | Lair:4   | Noticed nyvra's ghost (journeyman PaFi)
 20758 | Lair:4   | Killed nyvra's ghost
 20760 | Lair:4   | Identified the amulet of Moderation {-Cast +Blink rF+++
                  | Regen+ Dex+4}
 20765 | Lair:4   | Identified the +8 rapier "Lakar's Bane" {drain, rN+ Int+2}
 20973 | Lair:4   | Reached skill level 10 in Fighting
 21262 | Lair:5   | Found a staircase to the Slime Pits.
 21563 | Lair:5   | Offered knowledge of Spellforged Servitor by Vehumet.
 21944 | Lair:5   | Reached ****** piety under Vehumet
 22272 | Lair:6   | Entered Level 6 of the Lair of Beasts
 22423 | Lair:6   | Reached skill level 10 in Spellcasting
 22503 | Lair:6   | Reached skill level 13 in Earth Magic
 22667 | Lair:6   | Offered knowledge of Freezing Cloud by Vehumet.
 22681 | Lair:6   | Reached XP level 16. HP: 71/99 MP: 27/30
 22891 | Lair:6   | Noticed Kirke
 22899 | Lair:6   | Noticed Urug
 22900 | Lair:6   | Killed Kirke
 22904 | Lair:6   | Killed Urug
 23772 | D:5      | Bought a dazzling hat for 243 gold pieces
 23772 | D:5      | Identified the +2 hat of Egalitarianism {Str+2} (You bought
                  | it in a shop on level 5 of the Dungeon)
 23931 | Orc:1    | Entered Level 1 of the Orcish Mines
 23966 | Orc:1    | Found a frozen archway.
 23981 | IceCv    | Entered an ice cave
 24025 | IceCv    | Offered knowledge of Iron Shot by Vehumet.
 24262 | IceCv    | Found the +8 orange crystal plate armour {Archmagi, Int+3
                  | Clar}
 24262 | IceCv    | Found the +2 cloak of the Thief {*Fog Slay-2 SInv Stlth+}
 24262 | IceCv    | Identified the +0 quarterstaff of Estoaciz {spect, rElec
                  | rCorr Dex+2}
 24628 | Orc:1    | Found a runed translucent gate.
 24628 | Orc:1    | Found a runed translucent gate.
 24631 | Orc:1    | Found a runed translucent gate.
 24633 | Orc:1    | Noticed nht's ghost (journeyman PaBe)
 25326 | Orc:2    | Entered Level 2 of the Orcish Mines
 25326 | Orc:2    | Found Xazoro's Book Emporium.
 25332 | Orc:2    | Reached skill level 10 in Maces & Flails
 25381 | Orc:2    | Bought a book of Power for 630 gold pieces
 25388 | Orc:2    | Learned a level 6 spell: Iron Shot
 25656 | Orc:2    | Found a staircase to the Elven Halls.
 25696 | Orc:2    | Offered knowledge of Starburst by Vehumet.
 25716 | Orc:2    | Found Zuolosun's Armour Boutique.
 25759 | Orc:2    | Found Lieshroq's General Store.
 25779 | Orc:2    | Bought a potion of might for 64 gold pieces
 25779 | Orc:2    | Bought a potion of heal wounds for 80 gold pieces
 25852 | Orc:2    | Gained mutation: Your magical capacity is low. (-10% MP) [a
                  | neqoxec]
 25853 | Orc:2    | Reached skill level 10 in Fire Magic
 26103 | Orc:2    | Found Hiur's Antique Armour Shoppe.
 26111 | Orc:2    | Bought a bloodstained leather armour for 175 gold pieces
 26111 | Orc:2    | Identified the +0 leather armour of Hysteria {rN+ Stlth+}
                  | (You bought it in a shop on level 2 of the Orcish Mines)
 26213 | Orc:2    | Found Qiomis's Antique Weapon Shop.
 26974 | D:15     | Found a staircase to the Depths.
 27397 | D:15     | Upgraded the game from 0.27-a0-1113-gb2b6fe9c5e to
                  | 0.27-a0-1118-ga84896973d
 27688 | Spider:1 | Entered Level 1 of the Spider Nest
 27753 | Spider:1 | Offered knowledge of Lehudib's Crystal Spear by Vehumet.
 27756 | Spider:1 | Reached XP level 17. HP: 95/104 MP: 8/28
 27970 | Spider:1 | Identified the Disquisition on the Cankerous Birds
 28411 | Spider:2 | Noticed Jorgrun
 28455 | Spider:2 | Killed from afar by Jorgrun

Illustrated notes

Levels and vault maps discovered:
D:1:      lightli_arrival_lavapool, layout_basic,
          hellmonk_ecumenical_altar_arch_garden
D:2:      layout_rooms, dk_noncrumbling_2, uniq_jessica, uniq_natasha
D:3:      layout_basic, zin_statuary, uniq_ijyb
D:4:      layout_cave_pools, nicolae_uskayaw_dance_hall
D:5:      layout_basic, gammafunk_temple_overflow_elements, temple_statues,
          gup_sewer_entry_glass, ebering_ghost_gozag, serial_shops,
          nicolae_shop_statue_plus, nicolae_shop_window_shopping,
          nicolae_shop_stone, shop, nicolae_shop_behind_doors, uniq_sigmund,
          uniq_menkaure
D:6:      layout_loops_cross, xom_teletrap_fun, slow_altar_2, serial_glass,
          glass_columns_a, glass_columns_b
D:7:      layout_loops_ring, kennysheep_little_box, kiku_gazebo_pond_becter,
          serial_shops, shop, shop, shop, shop_fountains, gammafunk_ghost_arena
D:8:      layout_cave_pools, lemuel_doored_altar, nemelex_diamond_rough_becter,
          nicolae_overflow_crystal_walls, serial_bayou_pond_a,
          minmay_pinched_square
D:9:      layout_irregular_city, grunt_dithmenos_shadows, gammafunk_ghost_hive,
          uniq_erolcha
D:10:     layout_gridville, nicolae_ru_path_of_blood,
          nicolae_trove_entry_isolated, minmay_chambers_of_fives, uniq_fannar,
          uniq_grum, uniq_maurice
D:11:     minmay_the_grid_octo_triangle [minmay_the_grid_octo_focus,
          minmay_the_grid_octo_prize_single_spiral,
          minmay_the_grid_octo_concentric], layout_irregular_city,
          lair_entry_dummy, david_orc_2, nicolae_hepliaklqana_ecumenical_no_more
D:12:     lemuel_ice_statue, layout_long_grid
D:13:     layout_cave_pools, skrybe_vaults_entry_preservation
D:14:     minmay_skewed_foursquare, layout_long_grid, fiery_altar_vehumet
D:15:     gammafunk_enter_depths_forms, layout_rooms, kennysheep_crisscross
Temple:   compressed_dpeg_triangle_lava_temple
Lair:1:   lemuel_ratsnest, layout_concentric_octagons, beast_lair_carwin_9,
          grunt_megastairs_3, serial_bayou_shore_b
Lair:2:   layout_chaotic_city, fungi_pond_lemuel
Lair:3:   layout_roguey, palyth_hydra_swamp_entry, spider_nest_entry_web_field
Lair:4:   layout_hall_layers, gammafunk_ghost_grave
Lair:5:   layout_gridlike, minmay_slime_entry_pillars, dpeg_oklob_1,
          grunt_megastairs_4
Lair:6:   minmay_lair_end_enchanted_forest, layout_regular_city, uniq_kirke,
          uniq_urug
Spider:1: layout_spider_delve
Spider:2: layout_spider_delve, uniq_jorgrun
Orc:1:    layout_caves, portal_ice_cave_rime, gammafunk_ghost_split
Orc:2:    grunt_orc_gardens, layout_caves, grunt_orc_garden, grunt_orc_garden,
          grunt_orc_garden, grunt_orc_garden, serial_shops,
          nicolae_shop_waterfront, nicolae_orc_pool_cavern, minmay_orc_temple_a

Skill      XL: |  1  2  3  4  5  6  7  8  9 10 11 12 13 14 15 16 17 |
---------------+----------------------------------------------------+-----
Earth Magic    | 4 5 6 7 8 9 10 11 12 13 | 13.9
Spellcasting   | 3 4 5 6 7 8 9 10 | 10.8
Conjurations   | 1 2 3 5 6 7 8 9 10 11 12 | 12.1
Evocations     | 2 3 4 5 6 7 8 9 |  9.5
Fighting       | 2 3 5 6 7 8 9 10 11 | 11.4
Armour         | 2 3 5 6 |  6.0
Maces & Flails | 2 3 4 5 7 8 9 10 | 10.4
Dodging        | 2 3 4 5 6 7 8 9 |  9.1
Fire Magic     | 4 7 8 10 | 10.6
Stealth        | |  2.1
Transmutations | |  0.7

Action                   |  1- 3 |  4- 6 |  7- 9 | 10-12 | 13-15 | 16-18 || total
-------------------------+-------+-------+-------+-------+-------+-------++-------
Melee: Unarmed           |    24 |       |       |       |       |       ||    24
       Dagger            |    59 |       |   158 |    18 |       |       ||   235
       Mace              |    15 |    57 |       |       |       |       ||    72
       Falchion          |       |    44 |    48 |   148 |   194 |       ||   434
       Flail             |       |       |       |       |   333 |   269 ||   602
 Cast: Sandblast         |    31 |    62 |    39 |    52 |    34 |     2 ||   220
       Stone Arrow       |       |       |     4 |    80 |    89 |    21 ||   194
       Lee's Rapid Decon |       |       |     6 |    45 |    45 |    23 ||   119
       Bolt of Magma     |       |       |       |       |    56 |    45 ||   101
       Fireball          |       |       |       |       |    26 |    22 ||    48
       Irradiate         |       |       |       |       |    41 |    32 ||    73
       Iron Shot         |       |       |       |       |       |    28 ||    28
Evoke: Wand              |       |       |    18 |     7 |     9 |     7 ||    41
       Condenser vane    |       |       |       |     1 |     1 |     2 ||     4
       Box of beasts     |       |       |       |     1 |       |     1 ||     2
       Lightning rod     |       |       |       |       |     2 |     3 ||     5
       Phantom mirror    |       |       |       |       |       |     1 ||     1
  Use: Scroll            |     1 |     7 |     9 |     4 |     8 |     3 ||    32
       Potion            |       |       |     2 |     3 |     1 |     1 ||     7
 Stab: Sleeping          |     1 |     3 |     1 |     1 |     2 |       ||     8
       Distracted        |     1 |       |       |     1 |       |       ||     2
       Invisible         |       |       |       |     2 |       |       ||     2
       Paralysed         |       |       |       |       |    10 |       ||    10
Armor: Robe              |    55 |    61 |   142 |   235 |   576 |   255 ||  1324
Dodge: Dodged            |    77 |    67 |   172 |   243 |   652 |   301 ||  1512
       Rpst.: Falchion   |       |     7 |    11 |    44 |    90 |       ||   152

Table legend: (Time is in decaauts)
 A = Elapsed time spent in this place.
 B = Non-inter-level travel time spent in this place.
 C = Inter-level travel time spent in this place.
 D = Time resting spent in this place.
 E = Time spent auto-exploring this place.
 F = Levels seen in this place.
 G = Mean time per level.
                   A        B        C        D        E       F      G
               +--------+--------+--------+--------+--------+-----+--------+
         Total |  28616 |  26588 |   2028 |   3648 |  17034 |  28 | 1022.0 |
       Dungeon |  18397 |  16879 |   1518 |   2976 |  10350 |  15 | 1226.5 |
        Temple |    332 |    325 |      7 |      0 |    289 |   1 |  332.0 |
          Lair |   6245 |   5906 |    339 |    182 |   4305 |   6 | 1040.8 |
   Spider Nest |    631 |    611 |     20 |    107 |    314 |   2 |  315.5 |
  Orcish Mines |   2185 |   2042 |    143 |    242 |   1369 |   2 | 1092.5 |
         Sewer |    326 |    326 |      0 |      0 |    255 |   1 |  326.0 |
      Ice Cave |    496 |    496 |      0 |    141 |    151 |   1 |  496.0 |
               +--------+--------+--------+--------+--------+-----+--------+

Top non-repeatable levels by time:
    D:10: 1672 daAuts
     D:5: 1535 daAuts
    D:11: 1525 daAuts
     D:8: 1351 daAuts
     D:2: 1310 daAuts
    D:14: 1286 daAuts
  Lair:1: 1283 daAuts
     D:6: 1279 daAuts
  Lair:6: 1200 daAuts
     D:3: 1197 daAuts
     D:1: 1179 daAuts
   Orc:2: 1131 daAuts
     D:7: 1114 daAuts
     D:9: 1101 daAuts
  Lair:3: 1094 daAuts
